 Dungeon Crawl Stone Soup version 0.20-a0-903-g7e3609c (webtiles) character file.

44 Rrauwl the Cudgeler (level 3, -1/35 HPs)
             Began as a Troll Gladiator on Mar 21, 2017.
             Slain by Terence
             ... wielding a +2 trident of freezing
              (2 damage)
             ... on level 2 of the Dungeon.
             The game lasted 00:03:07 (993 turns).

Rrauwl the Cudgeler (Troll Gladiator)                Turns: 993, Time: 00:03:07

Health: -1/35      AC:  5    Str: 23    XL:     3   Next: 39%
Magic:  2/2        EV: 10    Int:  4    God:
Gold:   68         SH:  0    Dex: 11    Spells: 2/2 levels left

rFire    . . .     SeeInvis .   a - +0 flail
rCold    . . .     Gourm    +   b - +0 robe
rNeg     . . .     Faith    .   (no shield)
rPois    .         Spirit   .   m - +0 hat
rElec    .         Reflect  .   (no cloak)
rCorr    .         Harm     .   (gloves unavailable)
MR       .....                  (boots unavailable)
Stlth    +.........             (no amulet)
Regen    0.6/turn               (no ring)
MPRegen  0.1/turn               (no ring)

@: no status effects
A: unfitting armour, claws 3, fast metabolism 3, gourmand, regeneration 1,
shaggy fur 1, tough skin 2
a: no special abilities


You were on level 2 of the Dungeon.
You were completely stuffed.

You visited 1 branch of the dungeon, and saw 2 of its levels.

You collected 68 gold pieces.

Inventory:

Hand Weapons
 a - a +0 flail (weapon)
Missiles
 d - 4 throwing nets (quivered)
Armour
 b - a +0 robe (worn)
 c - a +0 hat
 m - a +0 hat (worn)
Scrolls
 g - 4 scrolls of identify {unknown}
 i - a scroll of noise {unknown}
 j - 2 scrolls of immolation {unknown}
 l - a scroll of teleportation {unknown}
 p - a scroll of recharging {unknown}
Potions
 e - a potion of brilliance {unknown}
 h - 2 potions of mutation {unknown}
 k - 2 potions of curing {unknown}
 n - a potion of invisibility {unknown}
Comestibles
 f - 2 bread rations
 o - 4 chunks of flesh
 q - a meat ration


   Skills:
 + Level 2.1 Fighting
 + Level 2.9 Maces & Flails
 + Level 2.4 Throwing
 + Level 2.7 Dodging


You had 2 spell levels left.
You didn't know any spells.

Dungeon Overview and Level Annotations

Branches:
Dungeon (2/15)

Altars:
Gozag

Annotations:
D:2 Terence


Innate Abilities, Weirdness & Mutations

You are too large for most types of armour.
You have claws for hands.
Your metabolism is lightning-fast.
You like to eat raw meat.
Your natural rate of healing is unusually fast.
You are covered in fur. (AC +1)
You have very tough skin. (AC +2)


Message History

You hit Terence but do no damage.
Terence is heavily wounded.
Terence closely misses you.
You sock Terence!
Terence is almost dead.
Terence hits you with a trident of freezing.
Terence freezes you.
You hit Terence but do no damage.
Terence is almost dead.
Terence says, "Don't bother to defend, it's pointless."
Terence hits you but does no damage.
You hit Terence but do no damage.
Terence is almost dead.
Terence hits you with a trident of freezing.
Terence freezes you.
* * * LOW HITPOINT WARNING * * *
Terence hits you with a trident of freezing!
* * * LOW HITPOINT WARNING * * *
Terence freezes you.
You die...

##.# #..........# #.##
######.....###### #..#
#..........# ##### ##.#
#.####.....# #(..#
#.#####..........###.###
#.#.....####.....'...#
#.#.###.# #.....#####
#.#.###.## #.#########
#.#.##...###..@@......
#......_.............(
##.###...##.#.....$(..
#.# ##.###.#.........
#.# #.# #.#......... #.#
#.. ..#......... #..
..######+#####+# ### ..


You could see Terence.

Vanquished Creatures
  An adder (D:2)
  2 leopard geckos (D:2)
  2 giant cockroaches
  A hobgoblin (D:1)
  4 jackals (D:1)
  7 bats
  2 frilled lizards
  3 goblins
  5 kobolds (D:1)
  4 rats (D:1)
31 creatures vanquished.

Notes
Turn   | Place    | Note
-------+----------+-------------------------------------------
     0 | D:1      | Rrauwl the Troll Gladiator began the quest for the Orb.
     0 | D:1      | Reached XP level 1. HP: 19/19 MP: 0/0
   256 | D:1      | Reached XP level 2. HP: 25/28 MP: 1/1
   858 | D:2      | Reached XP level 3. HP: 16/35 MP: 2/2
   937 | D:2      | Found an opulent altar of Gozag.
   981 | D:2      | Noticed Terence
   993 | D:2      | HP: 1/35 [Terence/trident of freezing (9)]
   993 | D:2      | Slain by Terence

Vault maps used:
D:1:      moated_graveyard_arrival, minmay_heptomino_l4
D:2:      nicolae_overflow_crystal_walls, nicolae_overflow_hidden_temple,
          chequers_ecumenical_altar_island, first_bread, kennysheep_nub,
          guppyfry_early_orc_mine, uniq_crazy_yiuf_cottage, uniq_terence

Skill      XL: |  1  2 |
---------------+-------+-----
Throwing       | 2 |  2.4
Fighting       | 2 |  2.1
Maces & Flails | |  2.9
Dodging        | |  2.7

Action                   || total
-------------------------++-------
Melee: Flail             ||   123
 Stab: Sleeping          ||     1
  Eat: Chunk             ||    15
Armor: Robe              ||    50
Dodge: Dodged            ||   106
